[Event "*** Titled Tuesday 3|2 Blitz"]
[Site "Chess.com"]
[Date "2016.06.07"]
[Round "4"]
[White "ZEN-22"]
[Black "anon102030"]
[Result "0-1"]
[WhiteElo "2391"]
[BlackElo "2511"]
[TimeControl "180+2"]
[EndTime "17:48:26 PDT"]
[Termination "anon102030 won by checkmate"]

1. e4 e5 2. Nc3 Nc6 3. f4 d6 4. Nf3 a6 5. Bc4 Be7 6. d3 Nf6 7. fxe5 dxe5 8. O-O Bc5+ 9. Kh1 O-O 10. a3 h6 11. Qe1 b5 12. Ba2 Be6 13. Bxe6 fxe6 14. Be3 Bxe3 15. Qxe3 Nd4 16. Rac1 Ng4 17. Qg1 Qd6 18. h3 Nf6 19. Qh2 Nxf3 20. Rxf3 Nh5 21.
Rcf1 Rxf3 22. Rxf3 Rf8 23. Rxf8+ Qxf8 24. Kg1 Qc5+ 25.
Kf1 Qe3 26. Ne2 Nf4 27. g3 Nxe2 28. Qxe2 Qc1+ 29. Kg2 Qxb2 30. Qh5 Qxc2+ 31. Kg1 Qb1+ 32. Kf2 Qb2+ 33. Ke1 Kf8 34. Qf3+ Ke7 35. Qg4 g5 36. Qh5 Qc1+ 37. Ke2 Qc2+ 38. Ke3 Qg2 39. Qxh6 Qxg3+ 40. Ke2 Qg2+ 41. Ke3 Qg3+ 42. Ke2 Qh2+ 43. Ke3 Qf4+ 44. Ke2 a5 45. Qg7+ Kd6 46. Qh8 b4 47. axb4 axb4 48. Qd8+ Kc6 49. Qe8+ Kc5 50. Qe7+ Kb5 51. Qxc7 Qh2+ 52. Ke3 Qxh3+ 53. Ke2 Qh2+ 54. Ke3 Qf4+ 55. Ke2 Qg4+ 56. Ke3 Qg3+ 57. Ke2 Qg2+ 58. Ke3 Qb2 59.
Qd7+ Kc5 60. Qc7+ Kb5 61. Qb7+ Ka4 62. Qd7+ Kb3 63. Qxe6+ Kc2 64. Qh3 Qc1+ 65. Ke2 b3 66. Qc8+ Kb1 67. Qa6 Qc2+ 68. Ke1 b2 69. Qb5 Kc1 70.
Qxe5 Qd2+ 71. Kf1 b1=Q 72. Qg3 Kc2+ 73. Qe1 Qbxe1# 0-1

[Event "*** Titled Tuesday 3|2 Blitz"]
[Site "Chess.com"]
[Date "2016.06.07"]
[Round "4"]
[White "twitchTriniCupid"]
[Black "rdclayton"]
[Result "0-1"]
[WhiteElo "2125"]
[BlackElo "2095"]
[TimeControl "180+2"]
[EndTime "17:48:50 PDT"]
[Termination "rdclayton won by resignation"]

1. d4 Nf6 2. c4 e6 3. Nc3 Bb4 4. Nf3 c5 5. e3 b6 6. Bd3 O-O 7. Qc2 Bb7 8. Bd2 d5 9. cxd5 exd5 10. a3 Bxc3 11. bxc3 h6 12. Ne5 Nbd7 13. f4 Nxe5 14. fxe5 Ne4 15. O-O f6 16. Bxe4 dxe4 17. Qb3+ Kh8 18.
exf6 Rxf6 19. Rxf6 Qxf6 20. Rf1 Qe7 21. Rf7 c4 22.
Qxc4 Ba6 23. Qd5 Rf8 24. Rxf8+ Qxf8 25. c4 Qxa3 26. Qxe4 Qa1+ 27. Kf2 Bxc4 28. Qe8+ Bg8 29. Qb5 Qd1 30. Qe2 Qh1 31. Qh5 Qb1 32. e4 Qxe4 33.
Qe5 Qxe5 34. dxe5 Bd5 35. g3 h5 36. Ke3 Kg8 37. Kd4 Bb7 38. e6 g6 39. Ke5 Kf8 40.
Kd6 Ke8 41. Be3 Be4 42. h4 Bf5 43. Bd4 Bc2 44. Be3 Ba4 45. Bg5 b5 46. Kc5 a6 47.
e7 Bc2 48. Kb6 b4 49. Kxa6 b3 50. Bf6 Kf7 51. Kb6 Bd3 52. Kc5 Bf5 53. Kd6 Bd3 54.
Kc7 Bb5 55. Bb2 Kxe7 56. Kb6 Bd3 57. Kc5 Ke6 58. Kd4 Bc2 59. Ke3 Kf5 60. Kf2 Ke4 61. Bf6 Kd3 62. Kf3 Bd1+ 63. Kf4 Bg4 64. Kg5 Bf5 65. g4 hxg4 66. h5 gxh5 67. Kxf5 g3 68. Kf4 g2 0-1

[Event "*** Titled Tuesday 3|2 Blitz"]
[Site "Chess.com"]
[Date "2016.06.07"]
[Round "4"]
[White "Iball95"]
[Black "Dr-Bassem"]
[Result "1-0"]
[WhiteElo "2476"]
[BlackElo "2576"]
[TimeControl "180+2"]
[EndTime "17:48:54 PDT"]
[Termination "Iball95 won on time"]

1. e4 e5 2. Nf3 Nc6 3. Nc3 Nf6 4.
Bb5 Bb4 5. O-O O-O 6. d3 d6 7.
Bg5 Bxc3 8. bxc3 Qe7 9. Re1 Nd8 10.
d4 Ne6 11. Bd2 c5 12. Nh4 g6 13. Nf3 Nh5 14. Bf1 Qf6 15. dxe5 dxe5 16. g3 Nc7 17.
Bg5 Qg7 18. Qd2 Re8 19. Qd6 f6 20. Be3 b6 21. Qc6 Bg4 22. Nd2 Rac8 23. Qa4 a6 24.
Bxa6 Nxa6 25. Qxa6 Rc6 26. a4 f5 27. f3 Bh3 28. a5 Qf6 29. Qc4+ Kh8 30. a6 f4 31. Bf2 fxg3 32. hxg3 Qg5 33. Qe2 Nxg3 34. Bxg3 Qxg3+ 35. Kh1 Rd6 36. a7 Ra8 37. Nc4 Rd7 38. Nxb6 Raxa7 39. Nxd7 Rxd7 40. Red1 Rf7 41. Rg1 Qh4 42. Qh2 Rf4 43. Rg3 Be6 44. Qxh4 Rxh4+ 45. Kg1 Kg7 46. Ra5 Kf6 47.
Rxc5 h5 48. Rc7 Rf4 49. c4 h4 50. Rg2 Rxf3 51. Rf2 Rxf2 52. Kxf2 g5 53. c5 g4 54. Rh7 Kg5 55. c6 g3+ 56. Kg2 Bc8 57. Rh8 Bg4 58. c7 1-0

[Event "*** Titled Tuesday 3|2 Blitz"]
[Site "Chess.com"]
[Date "2016.06.07"]
[Round "4"]
[White "Cruel_Yaro"]
[Black "pKiLz5Rn9b"]
[Result "1/2-1/2"]
[WhiteElo "2548"]
[BlackElo "2459"]
[TimeControl "180+2"]
[EndTime "17:49:45 PDT"]
[Termination "Game drawn - insufficient material"]

1. d4 e6 2. c4 Nf6 3. Nf3 b6 4. g3 Bb7 5. Bg2 d5 6. cxd5 exd5 7. O-O Be7 8. Nc3 O-O 9. Bf4 Na6 10. Ne5 c5 11.
Rc1 Re8 12. e3 h6 13. dxc5 Nxc5 14. Nd3 Ne6 15. Be5 Ne4 16. Nf4 Nxf4 17. gxf4 Bc5 18.
Nxe4 dxe4 19. Qg4 f6 20. Rfd1 Qc8 21. Qxc8 Raxc8 22. Bc3 Red8 23. Bh3 Rb8 24. b4 Bd6 25. Be6+ Kf8 26. a4 Ke7 27. Bf5 Kf7 28. Rd4 Be7 29. Rc4 g6 30. Bh3 Bc8 31. Bf1 Be6 32. Rc7 Rbc8 33. Bd4 Rxc7 34. Rxc7 Rd7 35. Rxd7 Bxd7 36.
b5 Bb4 37. Bg2 f5 38. f3 exf3 39. Bxf3 Be6 40. Bd1 g5 41. Be5 Bc8 42. Bb3+ Be6 43. Bc2 Bc8 44. Bd3 Bc5 45. Kf2 g4 46. Bb8 Bb4 47.
Bxa7 Ba5 48. Bb8 h5 49. e4 fxe4 50. Bxe4 h4 51. Be5 Be6 52. Bc2 Bd5 53. f5 Bb4 54. Bd4 Bd6 55. Kg1 Bc7 56. Bd1 g3 57. hxg3 Bxg3 58. Bg4 Bc7 59. Bf2 Bd8 60. Bd1 Be4 61. Bg4 Bc2 62. Bh5+ Kf8 63. a5 bxa5 64. b6 a4 65. b7 Bc7 66. Bxh4 a3 67. Bf6 Bxf5 68. Kf2 Be4 69. Bf3 Bxf3 70. Kxf3 Kf7 71. Bc3 Ke6 72. Ke4 Kd7 73. Kd5 Bb8 74. Ba5 a2 75. Bc3 Kc7 76. Kc4 Kxb7 77. Kb3 Be5 78. Bxe5 a1=Q 79. Bxa1 1/2-1/2

[Event "*** Titled Tuesday 3|2 Blitz"]
[Site "Chess.com"]
[Date "2016.06.07"]
[Round "4"]
[White "OldweakGM"]
[Black "MaestroASK"]
[Result "1-0"]
[WhiteElo "2617"]
[BlackElo "2453"]
[TimeControl "180+2"]
[EndTime "17:51:02 PDT"]
[Termination "OldweakGM won by checkmate"]

1. Nf3 d6 2. d4 g6 3. e4 Bg7 4.
Bc4 e6 5. O-O Ne7 6. c3 a6 7.
Re1 h6 8. Nbd2 Nd7 9. a4 b6 10. Nf1 Bb7 11. Ng3 O-O 12. Bb3 Kh7 13. h3 Nf6 14.
Bf4 g5 15. Bd2 Ng6 16. Bc2 e5 17. Nf5 Bc8 18. g3 Re8 19. h4 g4 20. Nh2 h5 21. Bg5 exd4 22. cxd4 Bxf5 23. exf5 Rxe1+ 24. Qxe1 Ne7 25. f3 gxf3 26. Qd1 Neg8 27. Nxf3 Qd7 28. Bf4 Nh6 29. Ng5+ Kg8 30. Bb3 Rf8 31. Ne6 Re8 32. Qd3 Nxf5 33. Nxg7 Nxg7 34. Qg6 Ng4 35.
Rf1 d5 36. Qg5 c6 37. Bc2 Re2 38. Bd3 Re8 39. Bd2 b5 40. a5 Qe7 41. Qf4 Rf8 42. Re1 Qd7 43. Bb4 Re8 44. Rf1 Qe6 45. Re1 Qd7 46. Rf1 Qe6 47. Bd2 Qd7 48. Rc1 Qe6 49.
Qc7 Rc8 50. Qb7 Nf5 51. Re1 Nfe3 52. Re2 Re8 53. Qc7 Qf6 54. Qf4 Qxf4 55. gxf4 Kf8 56. f5 f6 57. Bb4+ Kf7 58. Bd6 Nc4 59. Bf4 Rxe2 60.
Bxe2 Nxb2 61. Kf1 Nc4 62. Bf3 Nxa5 63. Ke2 Nc4 64. Kd3 a5 65. Kc3 b4+ 66. Kb3 Kg7 67. Ka4 Nge3 68. Bxh5 Nxf5 69. Be8 Nxd4 70. h5 Nb6+ 71. Kxa5 b3 72. Kxb6 b2 73. Bg6 f5 74.
Be5+ Kf8 75. h6 b1=Q+ 76. Kc7 Qg1 77. Bd6+ Kg8 78. h7+ Kg7 79. Be5+ Kxg6 80. h8=Q Nb5+ 81. Kxc6 Na7+ 82. Kd7 Qg4 83. Qg8+ Kh5 84. Qh7+ Kg5 85. Ke7 Qh5 86. Qg7+ Qg6 87. Bf6+ Kh5 88. Qh8+ Kg4 89.
Qh4+ Kf3 90. Qh3+ Ke4 91. Qh1+ Kf4 92. Qf1+ Ke4 93. Qe2+ Kf4 94. Be5+ Kg5 95. Qg2+ Kh5 96. Qh2+ Kg5 97. Bf4+ Kg4 98. Qg3+ Kh5 99. Qh3# 1-0

[Event "*** Titled Tuesday 3|2 Blitz"]
[Site "Chess.com"]
[Date "2016.06.07"]
[Round "4"]
[White "GianmarcoVaR"]
[Black "matej2221"]
[Result "1/2-1/2"]
[WhiteElo "2342"]
[BlackElo "2488"]
[TimeControl "180+2"]
[EndTime "17:51:25 PDT"]
[Termination "Game drawn - insufficient material"]

1. d4 d5 2. c4 c6 3. Nf3 Nf6 4.
e3 e6 5. b3 Nbd7 6. Bd3 Bd6 7. O-O Qe7 8. Nc3 b6 9. Bb2 Bb7 10. Qc2 O-O 11. Rfe1 Rac8 12. Rad1 c5 13. cxd5 exd5 14. dxc5 Nxc5 15. Bf5 Ne6 16. Qb1 Bb4 17. Rc1 Ne4 18. Nxd5 Bxd5 19. Rxc8 Rxc8 20. Rd1 Nc3 21. Bxc3 Bxf3 22. Bxb4 Qg5 23. Bh3 Bxd1 24. Qxd1 Qd5 25.
Qb1 Rd8 26. Bg4 Nc5 27. Bc3 Qd3 28. Qc1 Ne4 29. Bd4 Qd2 30. Qxd2 Nxd2 31. Bf5 Rd5 32. Bc2 Ra5 33. a4 Rg5 34. Bd1 Ne4 35. Bf3 Nd6 36. h4 Rg6 37. Kf1 Re6 38. Bd5 Re7 39. g4 Rd7 40. Ke2 Kf8 41. Bc6 Rc7 42. Bd5 Rc2+ 43. Ke1 f6 44. h5 Ke7 45. e4 h6 46. e5 Nf7 47. exf6+ gxf6 48. Be3 Ng5 49. f3 Kd6 50. Bb7 Rb2 51. f4 Ne6 52. Be4 Rxb3 53. Kf2 Nc5 54. Bf5 Nd3+ 55. Ke2 Nc5 56. Bd4 Ke7 57. a5 Rb4 58.
Bc3 Rxf4 59. axb6 axb6 60. Bd2 Rd4 61. Bxh6 Ne6 62. Bd2 Ng5 63. h6 Rd8 64. Bc3 Kf7 65. h7 Kg7 66. Ke3 Nxh7 67. Bd4 b5 68. Bd3 Rb8 69. Kf4 Ng5 70. Kf5 b4 71. Bxf6+ Kf7 72. Bxg5 b3 73. Bb1 b2 74. Bf6 Rb5+ 75. Be5 Ra5 76.
g5 Ra1 77. g6+ Kg8 78. Bxb2 Rxb1 79. Bf6 Rb5+ 80. Kg4 Kf8 81. Kf4 Rb6 82. Kg5 Kg8 83. Be5 Re6 84. Kf5 Re8 85. Kf6 Ra8 86. Kg5 Kf8 87. Kh6 Ke7 88. Kh7 Ke6 89. Bc3 Ra3 90.
g7 Ra8 91. Kg6 Rb8 92. Bb4 Rg8 93. Bf8 Rxg7+ 94. Bxg7 1/2-1/2

[Event "*** Titled Tuesday 3|2 Blitz"]
[Site "Chess.com"]
[Date "2016.06.07"]
[Round "5"]
[White "kikydu96"]
[Black "aripov96"]
[Result "0-1"]
[WhiteElo "2369"]
[BlackElo "2270"]
[TimeControl "180+2"]
[EndTime "17:55:01 PDT"]
[Termination "aripov96 won by resignation"]

1. e4 c5 2. Nf3 g6 3. c3 Bg7 4. d4 cxd4 5. cxd4 d5 6. e5 Nc6 7.
Bb5 Bg4 8. Be3 Nh6 9. O-O Nf5 10. Bxc6+ bxc6 11. h3 Bxf3 12. Qxf3 O-O 13. Nc3 e6 14. Rac1 f6 15. exf6 Bxf6 16. Rfd1 Nxe3 17. fxe3 Bxd4 18.
Qg3 Qb8 19. Qg5 Rf5 20. Qh6 Rh5 0-1

[Event "*** Titled Tuesday 3|2 Blitz"]
[Site "Chess.com"]
[Date "2016.06.07"]
[Round "5"]
[White "ZEN-22"]
[Black "michaelq2d5"]
[Result "0-1"]
[WhiteElo "2385"]
[BlackElo "2480"]
[TimeControl "180+2"]
[EndTime "17:55:43 PDT"]
[Termination "michaelq2d5 won by resignation"]

1. e4 e5 2. f4 Bc5 3. Nc3 d6 4. Nf3 Nf6 5. fxe5 dxe5 6. Nxe5 O-O 7. Nd3 Bd4 8. Be2 Re8 9. Nf2 Bxf2+ 10. Kxf2 Qd4+ 11.
Kf1 Nxe4 12. Nxe4 Rxe4 13. c3 Qf6+ 14. Bf3 Bg4 15. d3 Re5 16. Kf2 Nc6 17. Rf1 Bxf3 18. gxf3 Rae8 19. Kg1 Qg6+ 20. Kh1 Re2 21. Rg1 Qh5 0-1

[Event "*** Titled Tuesday 3|2 Blitz"]
[Site "Chess.com"]
[Date "2016.06.07"]
[Round "5"]
[White "IIIlllII1llIl"]
[Black "OldweakGM"]
[Result "1-0"]
[WhiteElo "2472"]
[BlackElo "2605"]
[TimeControl "180+2"]
[EndTime "17:55:44 PDT"]
[Termination "IIIlllII1llIl won by resignation"]

1. e4 c5 2. c3 Nf6 3. e5 Nd5 4. Nf3 d6 5. Bc4 Nb6 6. Bb3 c4 7. Bc2 Nc6 8. exd6 Qxd6 9. O-O Bg4 10. h3 Bh5 11. Re1 e6 12. Na3 Qd7 13. Qe2 Bxa3 14. bxa3 O-O 15. Bxh7+ Kxh7 16. Ng5+ Kg6 17. Qe4+ f5 18.
Qh4 Rh8 19. Rxe6+ Qxe6 20. Nxe6 Rae8 21. Nf4+ Kf7 22. Nxh5 Ne5 23. d4 cxd3 24. Qg5 1-0

[Event "*** Titled Tuesday 3|2 Blitz"]
[Site "Chess.com"]
[Date "2016.06.07"]
[Round "5"]
[White "Semetey"]
[Black "metalbattler"]
[Result "1-0"]
[WhiteElo "2458"]
[BlackElo "1980"]
[TimeControl "180+2"]
[EndTime "17:56:23 PDT"]
[Termination "Semetey won by resignation"]

1. d4 d5 2. Bf4 c6 3. e3 Nf6 4. c4 Bg4 5. Qb3 Qb6 6. c5 Qxb3 7. axb3 Nbd7 8. b4 a6 9. Nc3 Rc8 10. h3 Bf5 11. Nf3 e6 12. Nd2 Be7 13. Nb3 Bd8 14. Na5 Bxa5 15. bxa5 Ne4 16. Nxe4 Bxe4 17. Ra4 e5 18.
Bxe5 Nxe5 19. dxe5 Kd7 20. f3 Bg6 21. Kd2 Rce8 22.
f4 Re7 23. Bd3 Rhe8 24. f5 Bh5 25. g4 Rxe5 26. gxh5 Rxe3 27. Rg4 1-0

[Event "*** Titled Tuesday 3|2 Blitz"]
[Site "Chess.com"]
[Date "2016.06.07"]
[Round "5"]
[White "tactics321"]
[Black "Danirod"]
[Result "1/2-1/2"]
[WhiteElo "2221"]
[BlackElo "2435"]
[TimeControl "180+2"]
[EndTime "17:56:49 PDT"]
[Termination "Game drawn by agreement"]

1. Nf3 d5 2. c4 d4 3. b4 Nf6 4.
Bb2 c5 5. e3 dxe3 6. fxe3 cxb4 7. a3 e6 8. d4 Nc6 9. Bd3 Be7 10. O-O O-O 11. e4 bxa3 12. Nxa3 e5 13. d5 Bc5+ 14. Kh1 Nd4 15. Nxe5 Re8 16. Nf3 Bg4 17. Nc2 Nxf3 18. gxf3 Bh3 19. e5 Nh5 20. f4 Qh4 21. Qf3 Bg4 22.
Qg2 Bh3 23. Qf3 Bg4 24. Qg2 Bh3 1/2-1/2

[Event "*** Titled Tuesday 3|2 Blitz"]
[Site "Chess.com"]
[Date "2016.06.07"]
[Round "5"]
[White "howitzer14"]
[Black "oskariot"]
[Result "1-0"]
[WhiteElo "2686"]
[BlackElo "2430"]
[TimeControl "180+2"]
[EndTime "17:57:06 PDT"]
[Termination "howitzer14 won by resignation"]

1. e4 c5 2. Nf3 d6 3. Bb5+ Nd7 4. O-O a6 5. Bd3 Ngf6 6. Re1 e5 7. c3 g6 8. Bc2 Bg7 9. d4 O-O 10. h3 b5 11.
Nbd2 exd4 12. cxd4 Bb7 13. d5 Nh5 14. Rb1 c4 15.
Nf1 Re8 16. Be3 Qa5 17. Bd4 Qxa2 18. Ra1 1-0

[Event "*** Titled Tuesday 3|2 Blitz"]
[Site "Chess.com"]
[Date "2016.06.07"]
[Round "5"]
[White "Iball95"]
[Black "Yaacovn"]
[Result "0-1"]
[WhiteElo "2471"]
[BlackElo "2620"]
[TimeControl "180+2"]
[EndTime "17:58:17 PDT"]
[Termination "Yaacovn won by resignation"]

1. e4 c6 2. d4 d5 3. Nd2 dxe4 4. Nxe4 Nf6 5. Nxf6+ gxf6 6. c3 Qd5 7. Qf3 Bf5 8.
Bf4 Nd7 9. Qxd5 cxd5 10. O-O-O Rc8 11. Bd3 Bg6 12. Nf3 e6 13. Rhe1 Nb6 14. Nh4 a6 15. Nxg6 hxg6 16. h3 Kd7 17. Kb1 Bd6 18. Bc1 Nc4 19.
Re2 b5 20. b3 Nb6 21. Bd2 f5 22. Kb2 Rh4 23. Bg5 Rh5 24. Bd2 Rh4 25. Bg5 Rh5 26. Bd2 Be7 27. Rde1 Bg5 28. Bxg5 Rxg5 29. g3 Rh5 30. h4 Kd6 31. f4 Rhh8 32. Re3 Rc7 33. Bf1 Rhc8 34. Be2 Nd7 35. Bf1 Nf6 36. Bg2 Ng4 37. Rd3 b4 38. Rc1 Nf2 39. Re3 bxc3+ 40. Kc2 a5 41. Bf1 Ne4 42. Bb5 Rb8 43. a4 Rxb5 44.
axb5 Rb7 45. Ra1 Rxb5 46. Ra4 Kc6 47. Rd3 Kb6 48. Ra1 Rb4 49. Ra2 Kb5 50. Ra3 a4 51. bxa4+ Rxa4 52. Rxa4 Kxa4 53. Rd1 Kb4 54. Kd3 Nf2+ 0-1

[Event "*** Titled Tuesday 3|2 Blitz"]
[Site "Chess.com"]
[Date "2016.06.07"]
[Round "5"]
[White "MaestroASK"]
[Black "twitchTriniCupid"]
[Result "1-0"]
[WhiteElo "2456"]
[BlackElo "2123"]
[TimeControl "180+2"]
[EndTime "17:58:19 PDT"]
[Termination "MaestroASK won by resignation"]

1. d4 c6 2. c3 d6 3. g3 Nf6 4. Bg2 e5 5. dxe5 dxe5 6. Qxd8+ Kxd8 7. e4 Nbd7 8. f3 Nc5 9. Bf1 Kc7 10. Nd2 a5 11.
Bc4 Ne6 12. a4 Bc5 13. Nh3 h6 14. Ke2 Rd8 15. Nf2 Bd7 16. Nd3 Bd6 17. Ba2 b5 18. axb5 cxb5 19. Rd1 Rdb8 20. Nf1 g6 21. Bxh6 g5 22.
Bxe6 Bxe6 23. Bxg5 Nd7 24. Be3 f5 25. exf5 Bxf5 26.
Nd2 Rh8 27. Rh1 Nf6 28. Nf2 Nd5 29. Nde4 Nxe3 30. Kxe3 Be7 31. h4 Kc6 32. Nd3 Kd5 33.
Rad1 Ke6 34. Ndc5+ Kf7 35. Nd6+ Bxd6 36. Rxd6 Rad8 37.
Rxd8 Rxd8 38. g4 Bh7 39. h5 b4 40. cxb4 axb4 41. Ra1 Rc8 42. Ra7+ Kg8 43. Nd7 1-0

[Event "*** Titled Tuesday 3|2 Blitz"]
[Site "Chess.com"]
[Date "2016.06.07"]
[Round "5"]
[White "platy3"]
[Black "ShimanovAlex"]
[Result "1/2-1/2"]
[WhiteElo "2690"]
[BlackElo "2655"]
[TimeControl "180+2"]
[EndTime "17:58:20 PDT"]
[Termination "Game drawn by agreement"]

1. e4 c6 2. Nf3 d5 3. Nc3 Bg4 4. h3 Bxf3 5. Qxf3 e6 6. d4 dxe4 7. Qxe4 Nd7 8. g3 g6 9. Bg2 Bg7 10.
Qd3 Nb6 11. Be3 Nd5 12. Nxd5 cxd5 13. Qb3 Qd7 14. c4 Ne7 15. O-O O-O 16. Rac1 Rac8 17. Rfd1 dxc4 18. Rxc4 Rxc4 19. Qxc4 Rc8 20. Qb3 Nd5 21.
Bxd5 Qxd5 22. Qxd5 exd5 23. Rd3 a6 24. Rc3 Rc4 25.
Kf1 f5 26. Ke2 Rxc3 27. bxc3 Kf7 28. Kd3 b5 29. g4 fxg4 30. hxg4 h5 31. f3 Ke6 32.
Bf4 Bf8 33. Ke3 Ba3 34. Kf2 Be7 35. Bd2 Bd6 36. Kg2 a5 37. Kh3 Be7 38. Kg3 b4 39. cxb4 axb4 40. Kh3 Kd7 41. f4 hxg4+ 42. Kxg4 Kc6 43. f5 gxf5+ 44. Kxf5 Bf8 45. Ke6 Bg7 46.
Bxb4 1/2-1/2

[Event "*** Titled Tuesday 3|2 Blitz"]
[Site "Chess.com"]
[Date "2016.06.07"]
[Round "5"]
[White "1random"]
[Black "saraswathii"]
[Result "1/2-1/2"]
[WhiteElo "2114"]
[BlackElo "1971"]
[TimeControl "180+2"]
[EndTime "17:58:26 PDT"]
[Termination "Game drawn by stalemate"]

1. e4 c5 2. Nf3 e6 3. d4 cxd4 4. Nxd4 Nf6 5. Nc3 Nc6 6. Ndb5 Bb4 7. a3 Bxc3+ 8. Nxc3 d5 9. exd5 exd5 10. Bd3 d4 11. Ne2 O-O 12. O-O h6 13. Bf4 Bg4 14. Qd2 Bxe2 15.
Bxe2 Ne4 16. Qd1 Qf6 17. Bg3 Nxg3 18. hxg3 Rfe8 19. Bf3 Ne5 20. b4 Re7 21. Be4 Rd8 22. f4 Nc4 23. Bd3 Ne3 24. Qd2 Nxf1 25. Rxf1 Re3 26.
Qf2 Rde8 27. Qd2 Rxg3 28. Be2 Qe6 29. Bf3 Qe3+ 30. Rf2 b6 31. Kf1 Rg6 32. Qd1 Rge6 33. Re2 Qxf4 34. Rxe6 Rxe6 35. Qd3 Qc1+ 36. Bd1 Qe3 37.
Be2 Qxd3 38. Bxd3 Re3 39. Kf2 Kf8 40. Bf5 Rxa3 41. b5 Ke7 42. Bd3 Rxd3 43. cxd3 Kd6 44. Kf3 Kc5 45. Ke4 g6 46. Ke5 f5 47. Kf6 Kxb5 48.
Kxg6 a5 49. Kxf5 a4 50. Kg6 a3 51. Kxh6 a2 52. g4 a1=Q 53. g5 Qd1 54. Kg7 Qxd3 55. g6 Qxg6+ 56. Kh8 d3 1/2-1/2

[Event "*** Titled Tuesday 3|2 Blitz"]
[Site "Chess.com"]
[Date "2016.06.07"]
[Round "5"]
[White "WanderingPuppet"]
[Black "Quiet_Desperation"]
[Result "1/2-1/2"]
[WhiteElo "2274"]
[BlackElo "2304"]
[TimeControl "180+2"]
[EndTime "17:58:45 PDT"]
[Termination "Game drawn by agreement"]

1. e4 c5 2. Nf3 e6 3. d4 cxd4 4. Nxd4 a6 5. Bd3 Qc7 6. Qe2 Nf6 7.
e5 Nd5 8. a3 Nc6 9. Nxc6 bxc6 10.
c4 Ne7 11. O-O Ng6 12. f4 Bc5+ 13. Kh1 Rb8 14. Nc3 Bb7 15. Ne4 Be7 16. c5 f5 17.
Nd6+ Bxd6 18. exd6 Qa5 19. b4 Qd8 20. Bxf5 Qf6 21.
Bxg6+ hxg6 22. Bb2 Qf5 23. Bxg7 Rh7 24. Qe5 Kf7 25.
Qxf5+ gxf5 26. Be5 a5 27. Kg1 Ba6 28. Rfb1 a4 29.
Rb2 Bd3 30. Re1 Be4 31. Re3 Rg8 32. Rg3 Rxg3 33. hxg3 Rh6 34. b5 cxb5 35. Rxb5 Rg6 36. Kf2 Rh6 37. Rb4 Bc6 38. Rb1 Rh2 39. Rg1 Rh5 1/2-1/2

[Event "*** Titled Tuesday 3|2 Blitz"]
[Site "Chess.com"]
[Date "2016.06.07"]
[Round "5"]
[White "MinhGTrAn"]
[Black "JusticeBot"]
[Result "1-0"]
[WhiteElo "2654"]
[BlackElo "2534"]
[TimeControl "180+2"]
[EndTime "17:58:48 PDT"]
[Termination "MinhGTrAn won by resignation"]

1. d4 Nf6 2. c4 e6 3. Nc3 Bb4 4. e3 O-O 5. Ne2 Re8 6. a3 Bf8 7. Ng3 d5 8. Be2 a5 9. O-O Na6 10. b3 g6 11. Bb2 Bg7 12. Rc1 c6 13. Qc2 Nc7 14. Rfd1 h5 15. h3 h4 16. Nf1 Nd7 17.
Nh2 Qg5 18. Nf3 Qh6 19. e4 Nf6 20. e5 Nd7 21. Na4 f6 22. Bc3 fxe5 23. Bd2 Qh5 24. dxe5 Nxe5 25. Bf4 Qf5 26. Bxe5 Bxe5 27. Nxe5 Qxe5 28.
Qxg6+ Qg7 29. Qh5 e5 30. cxd5 Bxh3 31. Qf3 Nxd5 32. Qxh3 Nf4 33. Bc4+ Kf8 34. Qf5+ 1-0

[Event "*** Titled Tuesday 3|2 Blitz"]
[Site "Chess.com"]
[Date "2016.06.07"]
[Round "5"]
[White "dretch"]
[Black "Evgeny_Levin"]
[Result "1-0"]
[WhiteElo "2638"]
[BlackElo "2682"]
[TimeControl "180+2"]
[EndTime "17:58:49 PDT"]
[Termination "dretch won on time"]

1. d4 Nf6 2. c4 e6 3. Nc3 Bb4 4. Qc2 O-O 5. e4 d6 6. a3 Bxc3+ 7. bxc3 e5 8. Bd3 c5 9. Ne2 Nc6 10. d5 Na5 11. O-O b6 12. Ng3 Ba6 13. f4 Nd7 14.
Nf5 Bxc4 15. Bxc4 Nxc4 16. Qe2 b5 17. a4 exf4 18. axb5 Nde5 19. Bxf4 f6 20. Ra6 Qb8 21. Bxe5 Nxe5 22. Nxd6 Rd8 23. Nf5 c4 24. Rb1 Rd7 25. Qe3 Rb7 26. Qg3 Kh8 27. h3 Qf8 28. Kh2 Rab8 29.
Nd4 Qc5 30. Rba1 h6 31. Nc6 Rg8 32. Nxe5 fxe5 33. Qxe5 Rb6 34. Rxa7 Rg6 35. R7a6 Rxa6 36. bxa6 Ra8 37. a7 1-0

[Event "*** Titled Tuesday 3|2 Blitz"]
[Site "Chess.com"]
[Date "2016.06.07"]
[Round "5"]
[White "Generalas"]
[Black "FabianEnglert"]
[Result "0-1"]
[WhiteElo "2219"]
[BlackElo "2368"]
[TimeControl "180+2"]
[EndTime "17:59:02 PDT"]
[Termination "FabianEnglert won by resignation"]

1. e4 c5 2. c3 Nf6 3. e5 Nd5 4. d4 cxd4 5. cxd4 g6 6. Bc4 Nb6 7. Bb3 Bg7 8. f4 d6 9. Nf3 dxe5 10. dxe5 Qxd1+ 11. Bxd1 Nc6 12. Nc3 O-O 13. O-O Be6 14. b3 f6 15. Re1 fxe5 16. fxe5 Rac8 17. Bb2 Nb4 18. Nd4 Bd7 19. Re2 Nd3 20. Ncb5 Nxb2 21.
Rxb2 Bxb5 22. Nxb5 Bxe5 23. Rab1 Bxb2 24. Rxb2 a6 25. Na3 Rc1 26. Rd2 Rf6 27. Nc2 Rd6 28. Rxd6 exd6 29. Ne3 Nd5 0-1

[Event "*** Titled Tuesday 3|2 Blitz"]
[Site "Chess.com"]
[Date "2016.06.07"]
[Round "5"]
[White "UltimateCrusher2"]
[Black "cheese111"]
[Result "1-0"]
[WhiteElo "2096"]
[BlackElo "2274"]
[TimeControl "180+2"]
[EndTime "17:59:07 PDT"]
[Termination "UltimateCrusher2 won on time"]

1. b3 e5 2. Bb2 Nc6 3. e3 Nf6 4.
Nf3 e4 5. Nd4 Nxd4 6. Bxd4 d5 7.
c4 Bg4 8. Be2 Bxe2 9. Qxe2 Be7 10. Nc3 c6 11. cxd5 cxd5 12. Qb5+ Qd7 13. Rc1 Rc8 14.
O-O Qc6 15. Bxf6 Bxf6 16. Qxd5 Bxc3 17. Qxc6+ Rxc6 18. dxc3 Ke7 19. Rfd1 Rhc8 20. c4 b5 21. Rd4 f5 22. h4 bxc4 23. bxc4 Ra6 24. Rc2 Ra4 25.
Kf1 Rb8 26. g3 Rb1+ 27. Kg2 Ra1 28. Rcd2 R1xa2 29. Rd7+ 1-0

[Event "*** Titled Tuesday 3|2 Blitz"]
[Site "Chess.com"]
[Date "2016.06.07"]
[Round "5"]
[White "attack2mateU"]
[Black "chickencrossroad"]
[Result "1-0"]
[WhiteElo "2436"]
[BlackElo "2227"]
[TimeControl "180+2"]
[EndTime "17:59:18 PDT"]
[Termination "attack2mateU won on time"]

1. e4 e5 2. Nf3 Nc6 3. Bb5 Nf6 4. d3 d6 5. O-O g6 6. c3 Bg7 7. Re1 O-O 8. h3 Re8 9. Nbd2 a6 10. Ba4 b5 11. Bc2 Nb8 12. Nf1 Nbd7 13. d4 c5 14. d5 Nh5 15. b3 Nb6 16. Kh2 a5 17. Ng3 Nxg3 18. fxg3 f5 19. Ng5 f4 20. gxf4 exf4 21. Bxf4 Bxc3 22. Qf3 Bxe1 23. Rxe1 Nxd5 24. Bd2 Rf8 25. Qg3 Nf6 26. Bc3 b4 27. Ba1 Qc7 28. e5 dxe5 29. Bxe5 Qb7 30. Bxf6 Rxf6 31. Re8+ Rf8 32. Be4 Rxe8 33. Bxb7 Bxb7 34. Qc7 Bd5 35. Qxh7+ Kf8 36. Qxg6 a4 37. Qd6+ Kg8 38. Qxd5+ 1-0

[Event "*** Titled Tuesday 3|2 Blitz"]
[Site "Chess.com"]
[Date "2016.06.07"]
[Round "5"]
[White "pKiLz5Rn9b"]
[Black "Boryboy"]
[Result "0-1"]
[WhiteElo "2453"]
[BlackElo "2552"]
[TimeControl "180+2"]
[EndTime "17:59:31 PDT"]
[Termination "Boryboy won by resignation"]

1. e4 e6 2. d4 d5 3. Nd2 Be7 4. g3 Nf6 5. e5 Nfd7 6. Bg2 c5 7. c3 Nc6 8. Ne2 Qb6 9. Nb3 cxd4 10. cxd4 a5 11. a4 Nb4 12. O-O O-O 13. Be3 Qa6 14.
Nc3 Qd3 15. Nb5 Nb6 16. Bd2 Bd7 17. Bxb4 Qxd1 18. Rfxd1 axb4 19. Bf1 Rxa4 20. Rac1 Nc4 21. Nd6 Nxd6 22. Nc5 Nf5 23. Nxd7 Rd8 24. Rc7 Ra2 25.
b3 Rb2 26. Rd3 b5 27. Rb7 h5 28. Bh3 g6 29. Bxf5 gxf5 30. Nb8 Bf8 31. Na6 Ra8 32. Rb6 Rc8 33. Rf3 Rc3 34. Rf4 Rcxb3 35. Rh4 Rd3 36.
Rxh5 Rd1+ 37. Kg2 Rdd2 38. Nc7 Rxf2+ 39. Kg1 Rfc2 40. Rg5+ Kh7 0-1

[Event "*** Titled Tuesday 3|2 Blitz"]
[Site "Chess.com"]
[Date "2016.06.07"]
[Round "5"]
[White "champ1000"]
[Black "1stSecond"]
[Result "0-1"]
[WhiteElo "2097"]
[BlackElo "2603"]
[TimeControl "180+2"]
[EndTime "17:59:34 PDT"]
[Termination "1stSecond won by resignation"]

1. e4 c5 2. Nf3 e6 3. d4 cxd4 4. Nxd4 Nc6 5. Nc3 Qc7 6. Nxc6 bxc6 7. Bd3 Nf6 8. O-O e5 9. f4 Bc5+ 10. Kh1 d6 11. fxe5 dxe5 12. Bg5 Ng4 13. Qf3 Be6 14. h3 h5 15. Rae1 a5 16. Nd1 Qb6 17.
b3 f6 18. Be3 Nxe3 19. Nxe3 Bxe3 20. Rxe3 h4 21. Qe2 Rd8 22. Ref3 Qc5 23. Rd1 Ke7 24. Rff1 Rh6 25. Qf2 Qxf2 26. Rxf2 Rg6 27. Rfd2 Rg3 28. Kh2 Rd4 29. Rf2 Kd7 30. Rf3 Rxf3 31. gxf3 g5 32. Be2 Kd6 33. c3 Rxd1 34. Bxd1 Kc5 35. Be2 Kb6 36.
Bf1 a4 37. c4 Ka5 38. Bd3 a3 39. Bc2 Kb4 40. Bd1 c5 41. Kg2 Kc3 42. Be2 Kb2 43. b4 cxb4 44. c5 Kxa2 45. c6 Kb2 46. c7 a2 47. Bc4 Bc8 48. Bxa2 Kxa2 49. f4 gxf4 0-1